cohdb
Replays
Latest Replays
All Replays
Popular Replays
Top Player Replays
Match Explorer
How It Works
Community
CoH3 Stats
Reddit
Sign in to upload your games and track your stats! →
Sign in with Steam
Match 41437074
Unlisted
Match 41437074
Overview
Messages
Build Orders
End
Selects Heavy Weapons
Engineer Squad
Construct Weapon Support Center
Construct Barracks
Riflemen Squad
Engineer Squad
Construct Weapon Support Center
.30 cal Machine Gun
Selects Assault Carriers
Bazooka Squad
Mortar Pit
Selects Exchangeable Parts
M1919 Machine Gun Team
Bazooka Squad
Infantry Support Center
Engineer Squad
Selects M2HB .50cal Heavy Machine Gun
M3 Assault Carrier
Mortar Pit
Construct Tank Depot
M3 Assault Carrier
Selects Gallant Stand
.30 cal Machine Gun
Selects Bolstered Team Weapons
.30 cal Machine Gun
.30 cal Machine Gun
M4A1 Sherman Medium Tank
Captain Retinue
M3 Assault Carrier
Mortar Pit
.30 cal Machine Gun
Scout Squad
Mortar Pit
M4A1 Sherman Medium Tank
M4A1 Sherman Medium Tank
Engineer Squad
Munitions Surplus
.30 cal Machine Gun
Selects M26 Pershing Heavy Tank
M26 Pershing Heavy Tank
Engineer Squad
M3 Assault Carrier
M4A1 Sherman Medium Tank
Riflemen Squad
Engineer Squad
SniperXXX
ItsBrettos
vonAJ
spongebob
GreeD
Cyber Strategic Hans Landa BOB
Joni
Maxibon
0
0
Comments
sign in to comment!
No comments posted yet!